 Dungeon Crawl Stone Soup version 0.20.1-1-g8b1a95d (webtiles) character file.

111 Monsterracer the Chopper (level 4, 0/34 HPs)
             Began as a Demonspawn Gladiator on Oct 18, 2017.
             Slain by an orc wizard
             ... wielding a cursed -2 dagger
              (1 damage)
             ... on level 3 of the Dungeon.
             The game lasted 00:02:01 (1718 turns).

Monsterracer the Chopper (Demonspawn Gladiator)     Turns: 1718, Time: 00:02:01

Health: 0/34       AC:  4    Str: 16    XL:     4   Next: 62%
Magic:  4/4        EV: 13    Int:  9    God:
Gold:   160        SH:  0    Dex: 14    Spells: 3/3 levels left

rFire    . . .     SeeInvis .   a - +0 war axe
rCold    . . .     Gourm    .   (no shield)
rNeg     . . .     Faith    .   b - +0 leather armour
rPois    .         Spirit   .   c - +0 helmet
rElec    .         Reflect  .   (no cloak)
rCorr    .         Harm     .   (no gloves)
MR       .....                  (no boots)
Stlth    +.........             (no amulet)
Regen    0.2/turn               (no ring)
MPRegen  0.1/turn               (no ring)

@: flying, hasted, very quick
A: talons 1, spiny 1
a: no special abilities


You were on level 3 of the Dungeon.
You were hungry.

You visited 1 branch of the dungeon, and saw 3 of its levels.

You collected 160 gold pieces.

Inventory:

Hand Weapons
 a - a +0 war axe (weapon)
Missiles
 d - 3 throwing nets (quivered)
Armour
 b - a +0 leather armour (worn)
 c - a +0 helmet (worn)
Scrolls
 e - 2 scrolls of noise {unknown}
 i - a scroll of identify {unknown}
 l - 2 scrolls of enchant weapon {unknown}
 n - a scroll of fog {unknown}
 r - a scroll of magic mapping {unknown}
Potions
 h - a potion of curing
 j - a potion of flight
 m - a potion of magic {unknown}
 p - a potion of resistance {unknown}
 q - a potion of mutation {unknown}
 s - a potion of ambrosia {unknown}
Comestibles
 f - 4 bread rations
 g - 2 royal jellies


   Skills:
 + Level 2.9 Fighting
 * Level 3.9 Axes
 - Level 1.7 Throwing
 + Level 3.4 Dodging


You had 3 spell levels left.
You didn't know any spells.

Dungeon Overview and Level Annotations

Branches:
Dungeon (3/15)

Altars:


Innate Abilities, Weirdness & Mutations

You have sharp toenails.
You are partially covered in sharp spines.


Message History

The bat closely misses you.
The orc wizard gestures at you while chanting.
The puff of flame hits you!
The orc moves out of view.
The ball python closely misses you.
Huge Dmg: -30%(-10hp) hp: 68%(23hp)
You bump into the rock wall.
The bat is struck by your spines. The bat closely misses you.
The ball python bites you but does no damage.
The orc wizard hits you but does no damage.
You bump into the rock wall.
The bat hits you but does no damage.
The ball python is struck by your spines.
You kill the ball python!
The orc wizard hits you but does no damage.
You bump into the rock wall.
The bat hits you but does no damage. The orc wizard casts a spell at you.
You resist with some effort. The orc is struck by your spines.
The orc closely misses you.
You closely miss the orc wizard.
You claw the orc wizard, but do no damage.
The orc wizard is lightly wounded.
You closely miss the orc. The bat is struck by your spines.
The bat hits you but does no damage. The bat closely misses you.
The orc wizard casts a spell at you.
You are more confused.
The orc is struck by your spines. The orc hits you with a flail.
Damage: -6%(-2hp) hp: 65%(22hp) Unknown command.
The bat is struck by your spines.
You kill the bat!
You bump into the rock wall.
The orc wizard points at you and mumbles some strange words.
The puff of flame hits you!
* * * LOW HITPOINT WARNING * * *
Huge Dmg: -20%(-7hp) hp: 45%(15hp)
You bump into the rock wall.
The orc wizard completely misses you.
The kobold throws a stone.
The stone completely misses you.
You bump into the rock wall.
The orc wizard casts a spell at you. You resist with some effort.
The kobold throws a stone.
The stone closely misses you.
The kobold throws a stone.
The stone closely misses you.
You see here a stone.
The orc wizard casts a spell at you.
You are more confused.
The orc is struck by your spines.
You kill the orc!
The orc wizard casts a spell at you. The magic dart hits you!
* * * LOW HITPOINT WARNING * * *
Huge Dmg: -30%(-10hp) hp: 18%(6hp) It was a potion of flight.
You feel very buoyant.
You fly up into the air.
The orc wizard hits you but does no damage.
It was a potion of curing.
You feel better.
The orc wizard gestures wildly while chanting.
The orc wizard flickers and vanishes!
Deactivating autopickup; reactivate with Ctrl-A.
Unknown command.
You miss something. You claw something. Something hits you but does no damage.
The kobold throws a stone.
The stone misses you.
It was a potion of haste.
You feel yourself speed up. The orc wizard casts a spell at you.
The magic dart hits something.
You hear some strange, mumbled words.
Something tries to affect you, but you resist.
You slash something! You claw something.
You hear some strange, mumbled words.
You are confused.
Unknown command.
You are feeling hungry.
You completely miss something. Something hits you.
* * * LOW HITPOINT WARNING * * *
Damage: -3%(-1hp) hp: 33%(11hp) Unknown command.
You bump into the rock wall.
You bump into the rock wall.
Something hits you but does no damage.
You barely miss the kobold. You claw the kobold.
The kobold is heavily wounded.
You hit something but do no damage. The kobold is struck by your spines.
You kill the kobold!
Something hits you but does no damage.
You bump into the rock wall.
You bump into the rock wall.
Something hits you.
* * * LOW HITPOINT WARNING * * *
Huge Dmg: -18%(-6hp) hp: 15%(5hp) You're too confused to move!
You feel less confused.
Reactivating autopickup.
You feel a bit more experienced.
Unknown command.
You hit the orc wizard. Your kick misses the orc wizard.
The orc wizard is moderately wounded.
The orc wizard is no longer moving quickly.
The orc wizard points at you and mumbles some strange words.
The puff of flame hits you!
* * * LOW HITPOINT WARNING * * *
The orc wizard is struck by your spines.
The orc wizard hits you with a dagger.
You die...

#### ...
########.###
..........
##.#.##†#
#..<(o@.#
#..######
.....
......o
.......
.%.....
.......
.......


You could see an orc wizard.

Vanquished Creatures
  An orc wizard (D:3)
  3 adders (D:2)
  An ooze (D:2)
  2 dart slugs
  A leopard gecko (D:2)
  An orc (D:3)
  6 bats
  2 giant cockroaches
  13 goblins
  3 hobgoblins
  6 kobolds
  2 ball pythons
  2 frilled lizards (D:2)
  7 rats
50 creatures vanquished.

Notes
Turn   | Place    | Note
-------+----------+-------------------------------------------
     0 | D:1      | Monsterracer the Demonspawn Gladiator began the quest for the Orb.
     0 | D:1      | Reached XP level 1. HP: 16/16 MP: 1/1
   240 | D:1      | Gained mutation: You have sharp toenails. [demonic ancestry]
   240 | D:1      | Reached XP level 2. HP: 19/22 MP: 2/2
   799 | D:2      | Gained mutation: You are partially covered in sharp spines. [demonic ancestry]
   799 | D:2      | Reached XP level 3. HP: 28/28 MP: 3/3
  1281 | D:2      | Reached XP level 4. HP: 34/34 MP: 4/4
  1696 | D:3      | HP: 15/34 [orc wizard/puff of flame (7)]
  1704 | D:3      | HP: 6/34 [orc wizard/magic dart (10)]
  1710 | D:3      | HP: 11/34 [something (2)]
  1715 | D:3      | HP: 5/34 [something (6)]
  1718 | D:3      | HP: 1/34 [orc wizard/puff of flame (4)]
  1718 | D:3      | Slain by an orc wizard

Skill      XL: |  1  2 |
---------------+-------+-----
Axes           | 3 |  3.9
Dodging        | 3 |  3.4
Fighting       | |  2.9
Throwing       | |  1.7

Action                   |  1- 3 |  4- 6 || total
-------------------------+-------+-------++-------
Melee: War axe           |    55 |    16 ||    71
       Kick              |    10 |     8 ||    18
  Use: Potion            |       |     3 ||     3
 Stab: Sleeping          |     1 |     1 ||     2
  Eat: Chunk             |     1 |     1 ||     2
Armor: Leather armour    |    23 |     8 ||    31
Dodge: Dodged            |    40 |    14 ||    54

Vault maps used:
D:1:      zelgadis_glass_arrival_large, minmay_pentomino_u2
D:2:      kennysheep_the_goblin_king, nicolae_overflow_hidden_temple
D:3:      makhleb_grotto_becter, minmay_item_behind_shaft
